 Dungeon Crawl Stone Soup version 0.30-a0-359-gd0147acb1a (webtiles) character file.

Game seed: 1038191195594821391

10557 Gismaildir the Fighter (level 11, 0/101 HPs)
             Began as a Minotaur Fighter on Nov 12, 2022.
             Was a High Priest of Okawaru.
             Slain by a skeletal warrior
             ... wielding a +0 dire flail
              (10 damage)
             ... on level 11 of the Dungeon.
             The game lasted 00:19:22 (10288 turns).

Gismaildir the Fighter (Minotaur Fighter)          Turns: 10288, Time: 00:19:23

Health: 0/101      AC: 18    Str: 23    XL:     11   Next: 37%
Magic:  8/10       EV: 12    Int:  9    God:    Okawaru [*****.]
Gold:   666        SH:  7    Dex: 10    Spells: 10/10 levels left

rFire   . . .      SeeInvis .    a - +1 war axe
rCold   + + .      Faith    .    c - +0 buckler
rNeg    + . .      Spirit   .    E - +0 chain mail {rC+}
rPois   .          Reflect  .    (helmet restricted)
rElec   .          Harm     .    g - +1 cloak
rCorr   .          Rampage  .    r - +0 pair of gloves
Will    .....                    (no boots)
Stlth   ..........               w - amulet of the acrobat
HPRegen 0.36/turn                h - ring of protection from cold
MPRegen 0.12/turn                C - ring of positive energy

@: heroic
A: horns 2, retaliatory headbutt, clever 1
a: Renounce Religion, Heroism, Finesse, Duel


You were on level 11 of the Dungeon.
You worshipped Okawaru.
Okawaru was extremely pleased with you.
You visited 2 branches of the dungeon, and saw 12 of its levels.

You collected 666 gold pieces.

Inventory:

Hand Weapons
 a - a +1 war axe (weapon)
 n - the +7 Singing Sword {vorpal, sonic wave}
   (You found it on level 4 of the Dungeon)

   It inflicts extra damage upon your enemies.
   It radiates damaging sonic waves as it strikes, especially in combat
   involving dangerous or numerous foes.
 D - a +2 battleaxe
Missiles
 s - a throwing net (quivered)
Armour
 c - a +0 buckler (worn)
 g - a +1 cloak (worn)
 r - a +0 pair of gloves (worn)
 E - a +0 chain mail of cold resistance (worn)
Jewellery
 b - a ring of ice
 h - a ring of protection from cold (left hand)
 w - an amulet of the acrobat (around neck)
 C - a ring of positive energy (right hand)
Wands
 q - a wand of iceblast (4)
 t - a wand of mindburst (20)
 v - a wand of paralysis (14)
Scrolls
 i - a scroll of blinking
 l - a scroll of silence
 m - 6 scrolls of teleportation
 y - a scroll of fear
 B - a scroll of amnesia
Potions
 d - a potion of might
 e - 5 potions of curing
 f - 6 potions of brilliance
 j - a potion of berserk rage
 k - 3 potions of cancellation
 o - 4 potions of heal wounds
 p - 2 potions of mutation
 u - a potion of ambrosia
 x - a potion of flight
 z - 2 potions of attraction {unknown}
 A - a potion of haste {unknown}


   Skills:
 + Level 10.4(15.4) Fighting
 + Level 10.1(15.1) Axes
 + Level 10.4(15.4) Armour
 + Level 8.8(13.8) Dodging
 + Level 10.4(15.4) Shields


You had 10 spell levels left.
You didn't know any spells.
Your spell library contained the following spells:

 Spells                   Type           Power      Damage    Failure   Level
 Apportation              Tloc           0%         N/A       90%         1
 Necrotise                Necr           0%         1d4       90%         1
 Shock                    Conj/Air       0%         1d3       90%         1
 Stone Arrow              Conj/Erth      0%         3d7       99%         3
 Swiftness                Air            0%         N/A       99%         3
 Airstrike                Air            0%         2d(0-16)  100%        4
 Alistair's Intoxication  Tmut/Pois      0%         N/A       100%        5
 Borgnjor's Vile Clutch   Necr/Erth      0%         N/A       100%        5
 Iskenderun's Battlesphe  Conj           0%         2d6       100%        5
 Eringya's Noxious Bog    Tmut/Pois      0%         N/A       100%        6
 Iron Shot                Conj/Erth      0%         9d1       100%        6
 Lehudib's Crystal Spear  Conj/Erth      0%         10d2      100%        8
 Summon Small Mammal      Summ           Unusable   N/A       N/A         1
 Animate Armour           Summ/Erth      Unusable   N/A       N/A         4
 Spellforged Servitor     Conj/Summ      Unusable   N/A       N/A         7

Dungeon Overview and Level Annotations

Branches:
Dungeon (11/15)            Temple (1/1) D:7            Lair (0/5) D:8
    Orc (0/2) D:10

Altars:
Ashenzari
Cheibriados
Dithmenos
Elyvilon
Gozag
Hepliaklqana
Kikubaaqudgha
Makhleb
Okawaru
Ru
Uskayaw
Vehumet
Wu Jian
Xom
Yredelemnul
Zin
The Shining One

Shops:
D:2 (   D:3 (   D:8 (   D:9 :   D:10 (   D:11 [


Innate Abilities, Weirdness & Mutations

You have a pair of horns on your head.
You reflexively headbutt those who attack you in melee.
Your mind is acute. (Int +4, Str/Dex -1)


Message History

You gain the combat prowess of a mighty hero.
The skeletal warrior barely misses you. You furiously retaliate!
You headbutt the skeletal warrior, but do no damage.
The skeletal warrior hits you from afar with a +0 glaive!
The skeletal warrior hits you with a +0 dire flail.
Unknown command.
Unknown command.
You slash the skeletal warrior!
You headbutt the skeletal warrior, but do no damage.
The skeletal warrior is moderately damaged.
You hit the skeletal warrior but do no damage.
The skeletal warrior closely misses you.
You furiously retaliate!
You headbutt the skeletal warrior.
The skeletal warrior closely misses you.
The skeletal warrior hits you with a +0 dire flail!
You hit the skeletal warrior but do no damage.
The skeletal warrior is moderately damaged.
You closely miss the skeletal warrior.
Unknown command.
You slash the skeletal warrior! You headbutt the skeletal warrior!
The skeletal warrior is severely damaged.
You completely miss the skeletal warrior.
The skeletal warrior hits you but does no damage. x2
The skeletal warrior barely misses you.
You hit the skeletal warrior but do no damage.
The skeletal warrior is heavily damaged.
You slash the skeletal warrior!
The skeletal warrior hits you with a +0 war axe!
The skeletal warrior hits you from afar with a +0 glaive.
The skeletal warrior hits you but does no damage.
Unknown command.
You hit the skeletal warrior.
You headbutt the skeletal warrior, but do no damage.
The skeletal warrior is severely damaged.
You hit the skeletal warrior.
The skeletal warrior hits you with a +0 war axe!
The skeletal warrior hits you from afar with a +0 glaive!!
* * * LOW HITPOINT WARNING * * *
The skeletal warrior hits you with a +0 dire flail!
You die...

........
####+######+###+########
...................<....
.####...................
.# #..#######..........
.# #..# #.......... .#
#..#######.......... .#
#............z......
.####........$..@z.!....
..................z.....
########################


You could see 3 skeletal warriors.

Vanquished Creatures
  Fannar (D:10)
  A boulder beetle (D:11)
  2 two-headed ogres
  Pikel (D:6)
  Joseph (D:9)
  Psyche (D:10)
  An unseen horror (D:11)
  2 trolls
  Prince Ribbit (D:9)
  Grinder (D:6)
  3 yaks (D:10)
  A wraith (D:9)
  A basilisk (D:11)
  A steam dragon (D:9)
  2 acid dragons
  Duvessa (D:5)
  2 water moccasins
  2 sky beasts (D:6)
  2 ice beasts
  3 orc warriors
  3 wolves (D:8)
  2 ogres
  A centaur (D:9)
  A phantom (D:5)
  A kobold brigand (D:6)
  3 bullfrogs (D:8)
  7 scorpions
  2 gnoll sergeants (D:10)
  A necrophage (D:4)
  6 wights (D:9)
  Dowan (D:5)
  15 killer bees
  4 howler monkeys
  4 orc priests
  A jelly (D:6)
  17 hounds
  Crazy Yiuf (D:7)
  6 iguanas
  4 gnoll boudas
  6 orc wizards
  20 gnolls
  12 adders
  4 ufetubi
  2 worms
  5 dart slugs
  16 orcs
  7 ball pythons
  17 bats
  6 endoplasms
  4 giant cockroaches
  5 goblins
  3 hobgoblins
  5 jackals
  11 kobolds
  5 quokkas
  A frilled lizard (D:1)
  5 rats
244 creatures vanquished.

Vanquished Creatures (others)
  15 fungi (D:4)
15 creatures vanquished.

Grand Total: 259 creatures vanquished

Notes
Turn   | Place    | Note
-------+----------+-------------------------------------------
     0 | D:1      | Gismaildir the Minotaur Fighter began the quest for the
                  | Orb.
     0 | D:1      | Reached XP level 1. HP: 19/19 MP: 0/0
   119 | D:1      | Reached XP level 2. HP: 17/27 MP: 1/1
   431 | D:1      | Reached skill level 1 in Dodging
   836 | D:2      | Reached XP level 3. HP: 33/33 MP: 2/2
  1069 | D:2      | Found Fimutocsivu's Weapon Boutique.
  1557 | D:3      | Reached XP level 4. HP: 40/40 MP: 3/3
  1607 | D:3      | Found a glowing silver altar of Zin.
  1673 | D:3      | Found Neubacoc's Weapon Emporium.
  1807 | D:3      | Found a faded altar of an unknown god.
  2158 | D:4      | Noticed a scorpion
  2159 | D:4      | Noticed a scorpion
  2167 | D:4      | Killed a scorpion
  2168 | D:4      | Reached XP level 5. HP: 29/47 MP: 4/4
  2185 | D:4      | Reached XP level 6. HP: 9/55 MP: 5/5
  2187 | D:4      | Reached skill level 5 in Shields
  2192 | D:4      | Reached skill level 5 in Fighting
  2192 | D:4      | Reached skill level 5 in Armour
  2350 | D:4      | Found a hazy altar of Hepliaklqana.
  2383 | D:4      | Found the +7 Singing Sword {vorpal, sonic wave}
  2554 | D:4      | You fall into a shaft and drop 1 floor!
  2554 | D:5      | Entered Level 5 of the Dungeon
  2757 | D:4      | Reached XP level 7. HP: 58/61 MP: 6/6
  2899 | D:4      | Noticed a +0 spear
  2900 | D:4      | Noticed a +0 falchion
  2902 | D:4      | Noticed a +0 falchion
  2902 | D:4      | Noticed a +0 dagger
  2902 | D:4      | Noticed a +0 short sword
  2902 | D:4      | Noticed a +0 dagger
  2904 | D:4      | Noticed a +0 spear
  2904 | D:4      | Noticed a +0 short sword
  2907 | D:4      | Found a hide-covered altar of Uskayaw.
  3386 | D:5      | Reached skill level 5 in Axes
  3410 | D:5      | Found an ancient bone altar of Kikubaaqudgha.
  3537 | D:5      | Found a white marble altar of Elyvilon.
  3660 | D:5      | Noticed Duvessa
  3661 | D:5      | Noticed Dowan
  3667 | D:5      | Killed Duvessa
  3667 | D:5      | Killed Dowan
  3668 | D:5      | Reached XP level 8. HP: 67/70 MP: 7/7
  4246 | D:6      | Noticed Grinder
  4267 | D:6      | Killed Grinder
  4380 | D:6      | Reached skill level 5 in Dodging
  4544 | D:6      | Noticed Pikel
  4557 | D:6      | Killed Pikel
  4558 | D:6      | Reached XP level 9. HP: 27/79 MP: 8/8
  4819 | D:6      | Found a glowing golden altar of the Shining One.
  5158 | D:7      | Found a staircase to the Ecumenical Temple.
  5171 | Temple   | Entered the Ecumenical Temple
  5229 | Temple   | Became a worshipper of Warmaster Okawaru
  5374 | D:7      | Found a runed translucent door.
  5375 | D:7      | Noticed Crazy Yiuf
  5380 | D:7      | Killed Crazy Yiuf
  5977 | D:8      | Found a radiant altar of Vehumet.
  6020 | D:8      | Reached * piety under Okawaru
  6030 | D:8      | Found Weoqemua's Antique Weapon Shoppe.
  6039 | D:8      | Gained mutation: Your mind is acute. (Int +4, Str/Dex -1)
                  | [potion of mutation]
  6207 | D:8      | Noticed a troll
  6220 | D:8      | Killed a troll
  6232 | D:8      | Reached XP level 10. HP: 15/90 MP: 7/9
  6583 | D:8      | Found a staircase to the Lair.
  6736 | D:8      | Noticed a two-headed ogre
  6742 | D:8      | Killed a two-headed ogre
  6742 | D:8      | Reached ** piety under Okawaru
  7207 | D:9      | Noticed Joseph
  7230 | D:9      | Killed Joseph
  7302 | D:9      | Found a snail-covered altar of Cheibriados.
  7306 | D:9      | Noticed a two-headed ogre
  7314 | D:9      | Killed a two-headed ogre
  7314 | D:9      | Reached *** piety under Okawaru
  7500 | D:9      | Noticed Prince Ribbit
  7512 | D:9      | Killed Prince Ribbit
  7971 | D:9      | Found Bocod's Self-Improvement Boutique.
  8124 | D:9      | Reached **** piety under Okawaru
  8382 | D:10     | Entered Level 10 of the Dungeon
  8489 | D:10     | Found a staircase to the Orcish Mines.
  9032 | D:10     | Reached XP level 11. HP: 78/99 MP: 10/10
  9167 | D:10     | Noticed Psyche
  9186 | D:10     | Killed Psyche
  9187 | D:10     | Reached skill level 10 in Shields
  9193 | D:10     | Reached skill level 10 in Fighting
  9202 | D:10     | Reached skill level 10 in Armour
  9386 | D:10     | Noticed Fannar
  9406 | D:10     | Killed Fannar
  9452 | D:10     | Found a burning altar of Makhleb.
  9497 | D:10     | Found Civuam's Antique Weapon Shop.
  9731 | D:11     | Noticed a boulder beetle
  9776 | D:11     | Killed a boulder beetle
  9776 | D:11     | Reached ***** piety under Okawaru
  9777 | D:11     | Reached skill level 10 in Axes
 10007 | D:11     | Found Ycumaho's Antique Armour Emporium.
 10275 | D:11     | Noticed a skeletal warrior
 10277 | D:11     | Noticed a skeletal warrior
 10278 | D:11     | Noticed a skeletal warrior
 10288 | D:11     | Slain by a skeletal warrior

Illustrated notes

Levels and vault maps discovered:
D:1:      dpeg_arrival_renting, layout_loops_ring, st_stairs_2
D:2:      layout_basic, serial_shops, shop
D:3:      layout_rooms, lemuel_round_altar, serial_shops, shop,
          chequers_ecumenical_altar_simple_redux, minmay_misc_feat_columns
D:4:      old_forge, layout_rooms, nicolae_uskayaw_en_pointe,
          nicolae_hepliaklqana_hazy_memory, hangedman_decor_points
D:5:      dreamdust_elfheim, layout_loops_corners,
          nicolae_overflow_crystal_walls, elyvilon_altar_3, st_stairs_1,
          roderic_roman_lattice, dreamdust_princess_corridor,
          grunt_ministairs_14
D:6:      cheibrodos_helix_gallery, layout_rooms, tso_altar, uniq_duvessa,
          uniq_pikel, uniq_grinder
D:7:      lemuel_ice_spiral_2, layout_basic, minmay_temple_entry_glassed_door,
          uniq_crazy_yiuf_cottage
D:8:      layout_basic, general_overflow_altar, erik_lair_island, serial_shops,
          nicolae_take_the_stairs
D:9:      layout_irregular_city, kennysheep_slug_shrine, nicolae_shop_self_help,
          uniq_prince_ribbit1, uniq_joseph
D:10:     layout_big_octagon, mainiacjoe_overflow_six_doors_small, david_orc_3,
          serial_gnoll_camp, gnoll_camp_mini_shop, gnoll_camp_mini_hut,
          gnoll_camp_mini_doghouse, gnoll_camp_huts_basic, uniq_psyche,
          uniq_fannar
D:11:     layout_stronghold, serial_shops, shop_statue, uniq_erolcha
Temple:   dshaligram_water_room_temple

Skill      XL: |  1  2  3  4  5  6  7  8  9 10 11 |
---------------+----------------------------------+-----
Dodging        | 1 2 3 4 5 6 8 |  8.8
Fighting       | 4 5 6 7 8 9 10 | 10.4
Armour         | 4 5 6 7 8 9 10 | 10.4
Shields        | 4 5 6 7 8 9 10 | 10.4
Axes           | 3 4 5 6 8 9 10 | 10.1

Action                   |  1- 3 |  4- 6 |  7- 9 | 10-12 || total
-------------------------+-------+-------+-------+-------++-------
Melee: War axe           |    72 |    98 |   243 |   264 ||   677
       Headbutt          |     5 |    13 |    48 |    76 ||   142
Invok: Heroism           |       |       |     1 |     1 ||     2
  Use: Scroll            |     6 |     3 |     9 |     3 ||    21
       Potion            |       |     1 |     1 |     4 ||     6
 Stab: Held in net/web   |       |     1 |       |       ||     1
Armor: Scale mail        |    38 |    41 |   117 |    67 ||   263
       Chain mail        |       |       |       |    93 ||    93
Dodge: Dodged            |    45 |    49 |   152 |   202 ||   448
Block: Buckler           |    15 |    23 |    64 |   100 ||   202

Table legend: (Time is in decaauts)
 A = Elapsed time spent in this place.
 B = Non-inter-level travel time spent in this place.
 C = Inter-level travel time spent in this place.
 D = Time resting spent in this place.
 E = Time spent auto-exploring this place.
 F = Levels seen in this place.
 G = Mean time per level.
                   A        B        C        D        E       F      G
               +--------+--------+--------+--------+--------+-----+--------+
         Total |  10419 |  10152 |    267 |     20 |   8249 |  12 |  868.2 |
       Dungeon |  10344 |  10093 |    251 |     20 |   8216 |  11 |  940.4 |
        Temple |     74 |     58 |     16 |      0 |     33 |   1 |   74.0 |
               +--------+--------+--------+--------+--------+-----+--------+

Top non-repeatable levels by time:
    D:10: 1341 daAuts
     D:9: 1284 daAuts
     D:5: 1282 daAuts
     D:8: 1149 daAuts
     D:4: 1025 daAuts
     D:6: 856 daAuts
     D:7: 813 daAuts
     D:1: 758 daAuts
     D:2: 709 daAuts
    D:11: 566 daAuts
     D:3: 556 daAuts
  Temple: 74 daAuts
